Map: Lightshade LE

Players

MaSa - Winner!

  • Race: Terran Terran

DisK

  • Race: Protoss Protoss

Event: DreamHack SC2 Masters 2021 Winter

VOD

Have the link to the VOD?

Description

Time

  • Played on: Oct. 14, 2021, 4:53 p.m.
  • Length: 9:33

All games in this series

Show
View Real Time Build Order
Export as new Build Order

MaSa Terran - Winner!

Build Orders:  

Get SALT Encoding   

  12  0:00  SCV  
  13  0:12  SCV  
  14  0:17  Supply Depot  
  14  0:24  SCV  
  15  0:39  Barracks  
  15  0:40  SCV  
  16  0:45  Refinery  
  16  0:51  Refinery  
  16  0:55  SCV  
  17  1:08  SCV  
  18  1:20  SCV  
  19  1:26  Barracks Tech Lab  
  19  1:32  Orbital Command  
  19  1:39  Supply Depot  
  19  1:44  Concussive Shells  
  19  1:45  Marauder  
  21  1:58  SCV  
  21  2:00  Factory  
  22  2:07  Marauder  
  24  2:11  SCV  
  25  2:23  SCV  
  25  2:28  Marauder  
  28  2:35  SCV  
  29  2:38  Supply Depot  
  29  2:44  Hellion  
  31  3:00  Marauder  
  31  3:01  SCV  
  32  3:10  Supply Depot  
  30  3:13  SCV  
  31  3:22  Marauder  
  31  3:24  Hellion  
  31  3:25  SCV  
  31  3:26  Starport  
  34  3:37  SCV  
  33  3:49  Widow Mine, SCV  
  32  3:56  Command Center  
  32  4:01  SCV  
  33  4:02  Starport Tech Lab  
  33  4:10  Widow Mine  
  33  4:13  SCV  
  36  4:22  Cloaking Field, Banshee  
  39  4:25  SCV  
  39  4:30  Supply Depot  
  40  4:31  Factory Tech Lab  
  40  4:33  Barracks  
  40  4:38  SCV  
  40  4:41  Barracks  
  41  4:50  SCV  
  42  4:53  Barracks Reactor  
  42  5:04  Banshee  
  45  5:09  SCV  
  45  5:14  Siege Tank  
  47  5:21  SCV  
  48  5:24  Bunker  
  44  5:28  Barracks Tech Lab  
  44  5:29  Barracks Tech Lab, Marine x2  
  44  5:33  SCV, Orbital Command  
  47  5:35  Refinery  
  47  5:45  SCV  
  47  5:47  Marine x2  
  50  5:55  Siege Tank  
  50  5:56  Marine x2  
  55  5:57  SCV  
  55  6:01  Stimpack  
  55  6:02  SCV  
  57  6:07  Marine x2  
  57  6:09  SCV  
  57  6:12  Engineering Bay  
  57  6:14  SCV  
  57  6:15  Marine  
  59  6:20  Starport Reactor  
  59  6:21  SCV  
  59  6:23  Marine  
  59  6:24  Marine  
  62  6:27  SCV  
  62  6:29  Supply Depot  
  65  6:32  Marauder  
  65  6:33  SCV, Marine  
  65  6:39  Siege Tank  
  70  6:44  Terran Infantry Weapons Level 1  
  70  6:45  Supply Depot  
  70  6:48  Refinery  
  70  6:50  SCV x2, Marine  
  70  6:52  Supply Depot, Marine  
  74  6:55  Marauder  
  74  6:57  Marauder  
  78  7:02  Supply Depot  
  78  7:05  Combat Shield  
  78  7:06  SCV x2  
  80  7:10  Marine  
  80  7:11  Marine  
  80  7:12  Medivac  
  84  7:20  Medivac  
  84  7:21  SCV  
  87  7:24  SCV  
  87  7:28  Marine  
  87  7:29  Marine  
  90  7:31  Supply Depot  
  90  7:32  Marauder x2  
  90  7:33  SCV  
  95  7:44  Command Center  
  95  7:47  Medivac  
  97  7:52  Siege Tank  
  97  7:53  SCV  
  97  7:55  SCV  
  102  7:59  Supply Depot  
  102  8:05  Marauder, Marine x2  
  105  8:08  SCV  
  103  8:20  SCV  
  103  8:23  Marauder, Marine x2  
  103  8:24  SCV  
  100  8:30  Marauder  
  100  8:32  SCV  
  103  8:36  SCV  
  103  8:41  Marine x2  
  103  8:44  Marauder  
  103  8:45  SCV  
  103  8:48  SCV, Medivac  
  107  8:50  Marine  
  107  8:53  Medivac, Barracks  
  111  8:55  Barracks  
  111  8:58  SCV  
  110  9:03  SCV x2  
  110  9:05  Marauder  
  110  9:06  Marine  
  110  9:09  Marauder  
  112  9:10  SCV  
Show
View Real Time Build Order
Export as new Build Order

DisK Protoss 

Build Orders:  

Get SALT Encoding   

  12  0:00  Probe  
  13  0:12  Probe  
  14  0:17  Pylon  
  14  0:24  Probe  
  15  0:37  Gateway, Probe (Chrono Boost)  
  16  0:47  Assimilator, Probe (Chrono Boost)  
  17  0:52  Probe (Chrono Boost)  
  18  1:04  Probe  
  19  1:16  Probe  
  20  1:25  Cybernetics Core  
  20  1:28  Probe  
  20  1:31  Zealot  
  23  1:34  Pylon  
  23  1:54  Nexus  
  23  2:00  Adept (Chrono Boost)  
  23  2:05  Probe  
  26  2:10  Assimilator  
  26  2:20  Probe  
  26  2:21  Warp Gate  
  27  2:31  Stalker (Chrono Boost)  
  27  2:32  Probe  
  30  2:44  Probe  
  29  2:52  Shield Battery  
  29  2:56  Stalker (Chrono Boost)  
  28  3:10  Probe  
  25  3:12  Probe  
  22  3:22  Probe  
  22  3:24  Stalker, Probe  
  25  3:34  Probe  
  25  3:37  Probe  
  26  3:49  Probe x2 (Chrono Boost)  
  26  3:59  Stalker  
  26  4:00  Probe (Chrono Boost)  
  30  4:03  Probe (Chrono Boost)  
  30  4:06  Robotics Facility  
  30  4:09  Probe  
  30  4:11  Probe  
  31  4:20  Gateway  
  32  4:25  Probe (Chrono Boost)  
  32  4:26  Probe (Chrono Boost)  
  33  4:36  Probe (Chrono Boost)  
  35  4:38  Probe (Chrono Boost)  
  35  4:39  Sentry  
  35  4:42  Probe (Chrono Boost)  
  38  4:47  Probe (Chrono Boost)  
  40  4:53  Observer  
  40  4:55  Probe (Chrono Boost)  
  40  4:56  Probe (Chrono Boost), Pylon  
  42  5:01  Probe  
  42  5:03  Assimilator  
  42  5:04  Observer, Probe  
  42  5:05  Assimilator  
  44  5:13  Probe  
  45  5:16  Probe  
  45  5:17  Stalker, Robotics Bay  
  48  5:25  Probe (Chrono Boost)  
  50  5:32  Observer  
  50  5:33  Pylon  
  50  5:34  Probe (Chrono Boost)  
  52  5:36  Probe (Chrono Boost)  
  52  5:42  Probe (Chrono Boost)  
  54  5:43  Pylon  
  54  5:45  Probe (Chrono Boost)  
  54  5:49  Probe (Chrono Boost)  
  54  5:53  Probe (Chrono Boost)  
  54  5:54  Probe  
  50  6:06  Probe x2  
  52  6:11  Colossus  
  52  6:17  Shield Battery  
  58  6:18  Probe  
  58  6:19  Probe  
  58  6:25  Pylon  
  60  6:31  Extended Thermal Lance, Probe (Chrono Boost)  
  60  6:34  Probe (Chrono Boost)  
  57  6:42  Probe (Chrono Boost)  
  57  6:43  Probe (Chrono Boost)  
  59  6:47  Probe (Chrono Boost)  
  59  6:48  Observer, Probe (Chrono Boost)  
  61  6:57  Probe  
  62  7:02  Probe  
  62  7:04  Colossus (Chrono Boost)  
  62  7:06  Gateway  
  69  7:12  Probe  
  70  7:20  Observer  
  69  7:31  Nexus  
  69  7:33  Shield Battery  
  69  7:35  Stalker  
  69  7:36  Stalker  
  73  7:45  Gateway  
  73  7:47  Pylon  
  73  7:48  Probe  
  73  7:53  Gateway  
  73  7:56  Shield Battery  
  73  7:58  Shield Battery  
  73  8:01  Stalker  
  73  8:02  Stalker  
  77  8:08  Stalker  
  77  8:11  Probe  
  77  8:12  Probe  
  75  8:27  Zealot  
  75  8:28  Zealot  
  75  8:33  Stalker  
  69  8:39  Probe  
  63  8:46  Immortal  
  63  8:47  Stalker  
  63  8:48  Stalker  
  71  8:49  Zealot  
  65  9:06  Zealot  
  65  9:10  Zealot x3  
  65  9:17  Probe x2 (Chrono Boost)  

Tags
 
Add a new tag
Caveats
  • Supply blocks, unpowered buildings, or Contaminate may cause inaccurate times.
  • Supply counts are checked every 10 seconds.